 Dungeon Crawl Stone Soup version 0.28.0-43-g3370ac3207 (webtiles) character file.

Game seed: 7306735882567833246

36 crimpus the Bolt Thrower (level 3, -7/29 HPs)
             Began as a Demigod Hunter on Mar 26, 2022.
             Mangled by Crazy Yiuf
             ... wielding a +4 quarterstaff of chaos
              (15 damage)
             ... on level 2 of the Dungeon.
             The game lasted 00:01:57 (1175 turns).

crimpus the Bolt Thrower (Demigod Hunter)           Turns: 1175, Time: 00:01:58

Health: -7/29      AC:  3    Str: 13    XL:     3   Next: 5%
Magic:  5/5        EV: 12    Int: 13    God:
Gold:   63         SH:  0    Dex: 18    Spells: 2/2 levels left

rFire   . . .      SeeInvis .   a - +1 hand crossbow
rCold   . . .      Faith    .   (no shield)
rNeg    . . .      Spirit   .   c - +0 leather armour
rPois   .          Reflect  .   (no helmet)
rElec   .          Harm     .   (no cloak)
rCorr   .          Rampage  .   (no gloves)
Will    .....                   (no boots)
Stlth   ++........              (no amulet)
HPRegen 0.09/turn               (no ring)
MPRegen 0.09/turn               (no ring)

@: no status effects
A: high MP 1, forlorn, divine attributes
a: no special abilities


You were on level 2 of the Dungeon.
You visited 1 branch of the dungeon, and saw 2 of its levels.

You collected 63 gold pieces.

Inventory:

Hand Weapons
 a - a +1 hand crossbow (weapon)
 b - a +0 short sword
Missiles
 d - 12 bolts (quivered ammo)
Armour
 c - a +0 leather armour (worn)
 i - a +0 robe
Scrolls
 f - a scroll of holy word {unknown}
 g - a scroll of teleportation {unknown}
Potions
 e - a potion of flight {unknown}
 h - a potion of cancellation {unknown}
 j - a potion of might {unknown}


   Skills:
 * Level 1.9 Fighting
 * Level 4.5 Crossbows
 * Level 1.7 Dodging
 * Level 1.0 Stealth


You had 2 spell levels left.
You didn't know any spells.
Your spell library was empty.

Dungeon Overview and Level Annotations

Branches:
Dungeon (2/15)

Annotations:
D:2 Crazy Yiuf


Innate Abilities, Weirdness & Mutations

You have an increased reservoir of magic. (+10% MP)
You shall have no god before yourself.
Your divine heritage dramatically boosts your attributes as you level up.


Message History

You start putting on your armour.
You continue putting on your +0 leather armour. x5
You finish putting on your +0 leather armour.
j - a blue potion
Found an escape hatch in the ceiling.
A bat comes into view.
The bat hits you. The bat hits you but does no damage.
A bat is nearby!
You shoot a bolt. The bolt closely misses the bat.
The bat closely misses you. The bat misses you.
You shoot a bolt. The bolt hits the bat!
You kill the bat!
No target in view!
d - 14 bolts (gained 2)
Found an escape hatch in the floor.
There is an escape hatch in the floor here.
There is a stone staircase leading down here.
You see here an amulet of faith.
You see here a hobgoblin skeleton.
You see here a quokka skeleton.
Found a mace.
Found a runed translucent door.
Crazy Yiuf shouts!
Could not explore, unopened runed door.
You open the door. You shoot a bolt. The bolt hits Crazy Yiuf!
Crazy Yiuf is heavily wounded.
Crazy Yiuf says, "Gnoll mobile cloud!"
Crazy Yiuf hits you with a +4 quarterstaff of chaos!
Ouch! That really hurt!
Crazy Yiuf burns you.
* * * LOW HITPOINT WARNING * * *
You are too injured to fight recklessly!
You are too injured to fight recklessly!
Fire: 13 bolts
Press: ? - help, Q - select action Shift-Dir - straight line, f/p - Crazy Yiuf
Aim: Crazy Yiuf, wielding a +4 quarterstaff of chaos and wearing a +0 cloak (heavily wounded, 70% to hit)
You shoot a bolt. The bolt closely misses Crazy Yiuf.
Crazy Yiuf hits you with a +4 quarterstaff of chaos!
Ouch! That really hurt!
You die...

.####...## #.# #.).....#
.####...#######.######
#.......#
.##.)................#
#.......##
.#......##############
#......... ##......# #.......##
...##...# #.......##
#..##...##♣♣ ### #.........
#..####....♣♣ ♣♣#..)#
#..#######
#...#......P♣♣♣♣@g..(#
#..#######
#.#.#.#....P.♣..♣#...#
#..##..... #.#.#.##....♣.♣♣♣
### ##÷#.....# #.#.#...##♣♣♣♣♣
#.#.###.# ......### ##.#.# #..
#.#.#.# #############÷.#.###.#
#.#.#.# #..............#.....#
#.#.#.# ########..#...###..###
......#############..##.####..#


You could see Crazy Yiuf.

Vanquished Creatures
  A worm (D:2)
  A dart slug (D:1)
  A bat (D:2)
  5 endoplasms (D:1)
  2 giant cockroaches
  A goblin (D:2)
  2 hobgoblins (D:2)
  2 kobolds (D:1)
  3 quokkas
  4 ball pythons (D:1)
  3 frilled lizards (D:1)
  3 rats (D:1)
28 creatures vanquished.

Notes
Turn   | Place    | Note
-------+----------+-------------------------------------------
     0 | D:1      | crimpus the Demigod Hunter began the quest for the Orb.
     0 | D:1      | Reached XP level 1. HP: 17/17 MP: 3/3
   174 | D:1      | Reached skill level 4 in Crossbows
   191 | D:1      | Reached skill level 1 in Stealth
   251 | D:1      | Reached XP level 2. HP: 24/24 MP: 4/4
   872 | D:2      | Reached XP level 3. HP: 29/29 MP: 5/5
  1169 | D:2      | Found a runed translucent door.
  1170 | D:2      | Noticed Crazy Yiuf
  1175 | D:2      | Mangled by Crazy Yiuf

Illustrated notes

Levels and vault maps discovered:
D:1:      dpeg_arrival_castle, layout_rooms, hellmonk_ecumenical_altar_run_dry,
          minmay_crystal_water
D:2:      layout_loops_ring, basic_altar, uniq_crazy_yiuf_cottage

Skill      XL: |  1 |
---------------+----+-----
Crossbows      | 4 |  4.5
Stealth        | 1 |  1.0
Fighting       | |  1.9
Dodging        | |  1.7

Action                   || total
-------------------------++-------
 Fire: Hand crossbow     ||    66
Armor: Leather armour    ||     2
Dodge: Dodged            ||     6
